 Dungeon Crawl Stone Soup version 0.24.0-28-g17ded55e90 (webtiles) character file.

Game seed: 13669298131204918122, levelgen mode: deterministic

110 Arum the Ducker (level 4, -2/28 HPs)
             Began as a Tengu Gladiator on Nov 11, 2019.
             Slain by Grinder (4 damage)
             ... on level 3 of the Dungeon.
             The game lasted 00:02:29 (2634 turns).

Arum the Ducker (Tengu Gladiator)                   Turns: 2634, Time: 00:02:30

Health: -2/28      AC: -1    Str: 15    XL:     4   Next: 91%
Magic:  5/5        EV: 13    Int:  8    God:
Gold:   122        SH:  0    Dex: 16    Spells: 3/3 levels left

rFire    . . .     SeeInvis .   a - +0 long sword
rCold    . . .     Gourm    .   (no shield)
rNeg     . . .     Faith    .   h - +0 ring mail
rPois    .         Spirit   .   c - +0 hat
rElec    .         Reflect  .   (no cloak)
rCorr    .         Harm     .   (no gloves)
MR       .....                  (boots unavailable)
Stlth    ++........             (no amulet)
HPRegen  0.09/turn              e - ring of stealth
MPRegen  0.09/turn              k - -6 ring of protection (curse)

@: no status effects
A: beak, talons 3
a: no special abilities


You were on level 3 of the Dungeon.
You were not hungry.

You visited 1 branch of the dungeon, and saw 3 of its levels.

You collected 122 gold pieces.

Inventory:

Hand Weapons
 a - a +0 long sword (weapon)
Missiles
 d - 3 throwing nets (quivered)
Armour
 b - a +0 leather armour
 c - a +0 hat (worn)
 h - a +0 ring mail (worn)
Jewellery
 e - a ring of stealth (left hand)
 i - a +4 ring of intelligence
 k - a cursed -6 ring of protection (right hand)
Wands
 p - a wand of enslavement (10)
Scrolls
 g - 2 scrolls of enchant weapon
 l - 2 scrolls of identify
 m - a scroll of blinking {unknown}
 r - a scroll of immolation {unknown}
 u - a scroll of magic mapping {unknown}
Potions
 j - a potion of curing
 n - a potion of degeneration {unknown}
 o - a potion of mutation {unknown}
 q - 4 potions of haste {unknown}
 s - 4 potions of heal wounds {unknown}
Comestibles
 f - 5 rations


   Skills:
 + Level 3.2 Fighting
 + Level 4.3 Long Blades
 - Level 2.0 Throwing
 + Level 4.3 Dodging


You had 3 spell levels left.
You didn't know any spells.
Your spell library was empty.

Dungeon Overview and Level Annotations

Branches:
Dungeon (3/15)

Altars:

Annotations:
D:3 Grinder


Innate Abilities, Weirdness & Mutations

You have a beak for a mouth.
You have claws for feet.


Message History

You slash the ooze! Your kick misses the ooze.
The ooze is heavily wounded.
The adder hisses angrily.
The ooze hits you. Grinder gestures at you. Pain shoots through your body!
You hit the ooze. You claw the ooze.
You kill the ooze!
An orc comes into view. It is wielding a +0 hand axe.
You hit Grinder. Your kick misses Grinder.
Grinder is lightly wounded.
An orc comes into view.
Grinder blinks!
The orc shouts!
You slash Grinder! You claw Grinder, but do no damage.
Grinder is moderately wounded.
Grinder hits you! x2
* * * LOW HITPOINT WARNING * * *
You writhe in agony.
You die...

#..!...#
####......#
..##......#
#.#.......#
#.#.......#
#.#.......#
#.#..<....#
######.#...)...#
#.....@?.......#
......>5...........
................###
#+#######+#####.#
r..b###S.oo.###.#
.....###.....##.#
#.....###.....#.#
##....[###....#..


You could see Grinder, an adder, 2 orcs, a quokka (sleeping) and a bat.

Vanquished Creatures
  4 adders (D:2)
  2 oozes
  3 dart slugs (D:1)
  4 bats
  3 giant cockroaches
  6 goblins
  5 hobgoblins
  12 jackals
  6 kobolds
  2 quokkas (D:2)
  A frilled lizard (D:2)
  4 rats (D:1)
52 creatures vanquished.

Notes
Turn   | Place    | Note
-------+----------+-------------------------------------------
     0 | D:1      | Arum the Tengu Gladiator began the quest for the Orb.
     0 | D:1      | Reached XP level 1. HP: 12/12 MP: 2/2
    89 | D:1      | Reached XP level 2. HP: 17/17 MP: 3/3
   319 | D:1      | Reached XP level 3. HP: 13/22 MP: 4/4
  1437 | D:2      | Reached XP level 4. HP: 25/27 MP: 5/5
  2628 | D:3      | Noticed Grinder
  2634 | D:3      | Slain by Grinder

Levels and vault maps discovered:
D:1:      matt_arrival_refuge, layout_basic, minmay_pentomino_q2
D:2:      layout_basic
D:3:      layout_basic, serial_bayou_ford_a, minmay_quadrilaterals,
          uniq_natasha, uniq_sigmund, uniq_grinder

Skill      XL: |  1  2  3  4 |
---------------+-------------+-----
Long Blades    | 4 |  4.3
Dodging        | 4 |  4.3
Fighting       | 3 |  3.2
Throwing       | |  2.0

Action                   |  1- 3 |  4- 6 || total
-------------------------+-------+-------++-------
Melee: Long sword        |    66 |    38 ||   104
       Kick              |    28 |    14 ||    42
       Peck              |    14 |     6 ||    20
  Use: Scroll            |     2 |       ||     2
       Potion            |       |     1 ||     1
 Stab: Sleeping          |     4 |     2 ||     6
  Eat: Chunk             |     1 |     4 ||     5
Armor: Leather armour    |     3 |       ||     3
       Ring mail         |     3 |       ||     3
Dodge: Dodged            |    40 |    28 ||    68
       Rpst.: Long sword |    13 |    10 ||    23
